 Dungeon Crawl Stone Soup version 0.29.1-15-g9cfb28693d (webtiles) character file.

Game seed: 11789927869357189684

43 GimliDwarf the Conjurer (level 3, -3/19 HPs)
             Began as a Tengu Conjurer on Dec 14, 2023.
             Slain by Terence
             ... wielding a +1 short sword of freezing
              (4 damage)
             ... on level 2 of the Dungeon.
             The game lasted 00:03:14 (1279 turns).

GimliDwarf the Conjurer (Tengu Conjurer)            Turns: 1279, Time: 00:03:14

Health: -3/19      AC:  3    Str:  7    XL:     3   Next: 58%
Magic:  3/7        EV: 12    Int: 20    God:
Gold:   65         SH:  0    Dex: 12    Spells: 3/6 levels left

rFire   . . .      SeeInvis .   h - +1 short sword (venom)
rCold   . . .      Faith    .   (no shield)
rNeg    . . .      Spirit   .   a - +0 robe
rPois   .          Reflect  .   (helmet restricted)
rElec   .          Harm     .   (no cloak)
rCorr   .          Rampage  .   j - +0 pair of gloves
Will    .....                   (boots unavailable)
Stlth   ++........              (no amulet)
HPRegen 0.06/turn               (no ring)
MPRegen 0.10/turn               (no ring)

@: no status effects
A: beak, talons 3
a: no special abilities


You were on level 2 of the Dungeon.
You visited 1 branch of the dungeon, and saw 2 of its levels.

You collected 65 gold pieces.

Inventory:

Hand Weapons
 h - a +1 short sword of venom (weapon)
 m - a +0 sling
Armour
 a - a +0 robe (worn)
 j - a +0 pair of gloves (worn)
Scrolls
 c - a scroll of enchant armour {unknown}
 d - 5 scrolls of identify {unknown}
 k - a scroll of enchant weapon {unknown}
 l - a scroll of teleportation {unknown}
Potions
 b - a potion of magic
 e - a potion of might {unknown}
 f - a potion of degeneration {unknown}
 g - a potion of mutation {unknown}
 i - a potion of curing {unknown}


   Skills:
 * Level 1.1 Armour
 + Level 2.3 Dodging
 - Level 2.0 Stealth
 * Level 2.1 Spellcasting
 * Level 6.5 Conjurations


You had 3 spell levels left.
You knew the following spells:

 Your Spells              Type           Power      Damage    Failure   Level
a - Magic Dart            Conj           100%       1d8       1%          1
b - Searing Ray           Conj           56%        2d6       1%          2

Your spell library contained the following spells:

 Spells                   Type           Power      Damage    Failure   Level
 Dazzling Flash           Conj/Hex       30%        N/A       12%         3
 Fulminant Prism          Conj/Hex       7%         3d7       38%         4
 Iskenderun's Mystic Bla  Conj/Tloc      15%        2d5       38%         4


Dungeon Overview and Level Annotations

Branches:
Dungeon (2/15)

Altars:

Annotations:
D:2 Terence


Innate Abilities, Weirdness & Mutations

You have a beak for a mouth.
You have claws for feet.


Message History

Terence shouts!
You hear a shout!
Press: ? - help, v - describe, . - travel
Here: Terence, wielding a +1 short sword of freezing and wearing a +0 chain mail The floor.
A kobold comes into view. It is wielding a +0 short sword.
Terence attacks as you move away! Terence closely misses you.
Terence attacks as you move away! Terence misses you.
Terence attacks as you move away!
Terence hits you with a +1 short sword of freezing.
Terence freezes you.
Terence says, "You're history."
Press: ? - help, v - describe, . - travel
Here: Terence, wielding a +1 short sword of freezing and wearing a +0 chain mail The floor.
Your +1 short sword of venom begins to drip with poison!
h - a +1 short sword of venom (weapon)
Terence hits you with a +1 short sword of freezing!
Terence freezes you.
You completely miss Terence. You claw Terence, but do no damage.
Terence misses you.
Casting: Magic Dart (safe; 1% risk of failure)
Confirm with . or Enter, or press ? or * to list all spells.
Aiming: Searing Ray (safe; 1% risk of failure)
Press: ? - help, Shift-Dir - straight line, f - Terence
Aim: Terence, wielding a +1 short sword of freezing and wearing a +0 chain mail (85% to hit)
The searing ray hits Terence but does no damage. (Press . to maintain the ray.) Terence hits you with a +1 short sword of freezing.
* * * LOW HITPOINT WARNING * * *
Terence freezes you.
* * * LOW HITPOINT WARNING * * *
The searing ray hits Terence.
Terence is moderately wounded.
Terence barely misses you.
The searing ray hits Terence.
Terence is heavily wounded.
The searing ray hits the kobold.
The kobold is moderately wounded.
Terence hits you with a +1 short sword of freezing.
You die...

#.## #...†...†.#<#
#...##...#.##....######
#..............#......#
.#.....#######...#.###.#
...........####....#...###
...)#.##......####.#.#...#
.. #? #.####..K##...#.#.#
#. #....###@.##.##.#.# #b
#..#...##@.#....#.# #.
##.#....##.##>###.# ..
#.##....#.[#.###.# ..
#..##..)##.#....(#
##..##...#.##.####
##..###.#..#.#
##.....#.†#.#
####.....#.## #####.#..#


You could see Terence and a kobold.

Vanquished Creatures
  A worm (D:2)
  2 bats (D:1)
  4 endoplasms
  A giant cockroach (D:1)
  6 goblins
  7 hobgoblins
  A quokka (D:2)
  6 ball pythons
  A frilled lizard (D:2)
  5 kobolds
  A rat (D:1)
35 creatures vanquished.

Notes
Turn   | Place    | Note
-------+----------+-------------------------------------------
     0 | D:1      | GimliDwarf the Tengu Conjurer began the quest for the Orb.
     0 | D:1      | Reached XP level 1. HP: 10/10 MP: 4/4
   134 | D:1      | Reached XP level 2. HP: 15/15 MP: 1/6
   137 | D:1      | Learned a level 2 spell: Searing Ray
   394 | D:1      | Reached skill level 6 in Conjurations
   500 | D:1      | Found a faded altar of an unknown god.
   637 | D:1      | Reached XP level 3. HP: 19/19 MP: 2/7
   782 | D:1      | Reached skill level 1 in Armour
  1264 | D:2      | Noticed Terence
  1279 | D:2      | Slain by Terence

Illustrated notes

Levels and vault maps discovered:
D:1:      minmay_arrival_diagonal_passages, layout_rooms,
          hellmonk_ecumenical_altar_blasted
D:2:      minmay_evil_eye, layout_basic, bh_walls_and_bars, uniq_terence,
          uniq_natasha

Skill      XL: |  1  2  3 |
---------------+----------+-----
Conjurations   | 6 |  6.5
Armour         | 1 |  1.1
Dodging        | |  2.3
Stealth        | |  2.0
Spellcasting   | |  2.1

Action                   || total
-------------------------++-------
Melee: Short sword       ||     3
       Kick              ||     2
 Cast: Magic Dart        ||    50
       Searing Ray       ||     6
Dodge: Dodged            ||     9
